TKirby, neutral male human Wizard --------- |....<..| --- |(......| ..| |.......| (..| ------.-- ?.>.| ### +.!...| # .o.....| ### ooo.% # #@o -----|- # |.....-### |..^..| |......################# ------- TKirby the Conjurer Experience level: 5 Strength: 10 Dexterity: 14 Constitution: 14 Intelligence: 18 Wisdom: 10 Charisma: 11 Health: 0(44) Energy: 23(46) Def: 1 Gold: 908 Moves: 4462 Dungeon seed: DFjvax57NkTj9qzh Game ID: TKirby_1505494350 Your Inventory: Coins $ - 908 gold pieces Weapons a - a blessed +1 quarterstaff (weapon in hands) Armor e - an uncursed +0 cloak of magic resistance (being worn) n - an uncursed +0 T-shirt Scrolls i - an uncursed scroll of enchant weapon j - an uncursed scroll of blank paper k - an uncursed scroll of destroy armor s - an uncursed scroll of confuse monster x - a blessed scroll of remove curse U - an uncursed scroll of amnesia X - a cursed scroll of teleportation Spellbooks l - a blessed spellbook of force bolt m - an uncursed spellbook of knock v - an uncursed spellbook of wizard lock B - an uncursed spellbook of magic mapping T - an uncursed spellbook of cause fear Potions f - an uncursed potion of speed g - 2 uncursed potions of extra healing h - an uncursed potion of confusion o - an uncursed potion of polymorph J - an uncursed potion of healing K - an uncursed potion of restore ability M - 2 uncursed potions of water P - a blessed potion of polymorph Z - an uncursed potion of enlightenment Rings c - an uncursed +2 ring of increase accuracy (on left hand) d - an uncursed ring of protection from shape changers (on right hand) C - an uncursed ring of conflict G - an uncursed ring of invisibility I - an uncursed ring of poison resistance N - a blessed +3 ring of gain constitution Wands b - a wand of locking (0:5) D - a wand of probing (0:7) E - a wand of fire (0:4) Tools u - an uncursed tin whistle Gems q - an uncursed worthless piece of white glass Spells and supernatural/magical abilities: Name Level Category Fail Memory a - force bolt 1 attack 0% 78% c - cause fear 3 enchantment 0% 93% k - knock 1 matter 0% 78% w - wizard lock 2 matter 53% 81% M - magic mapping 5 divination 100% 84% W - pray for help -- divine ? -- Your skills at the end: Fighting Skills Weapon Skills quarterstaff [Skilled] Spellcasting Skills attack spells [Basic] enchantment spells [Basic] Final Attributes: You were piously aligned. You were magic-protected. You were telepathic. You had a +2 bonus to hit. You were protected from shape changers. You were unlucky. You are dead. Vanquished creatures: a leprechaun a dingo a wood nymph a violet fungus a straw golem a floating eye a dwarf a kobold lord 3 hill orcs 2 giant bats a wererat a werejackal 3 iguanas 6 coyotes 2 hobbits a large kobold 2 giant rats a yellow mold a garter snake 2 gnome zombies 4 geckos 9 jackals a fox 2 kobolds 3 goblins 3 sewer rats 7 grid bugs 4 lichens 3 kobold zombies 3 newts 72 creatures vanquished. Voluntary challenges: You used a wielded weapon 74 times, starting on turn 3. You read items or engraved 45 times, starting on turn 524. You never genocided any monsters. You never polymorphed an object. You never changed form. You used no wishes. You never split a pudding. You never wrote Elbereth's name. You violated your moral code, losing 14 points of alignment, starting on turn 4456. Dungeon overview: The Dungeons of Doom: levels 1 to 9 Level 1 an altar to Thoth a long staircase Level 2 some fountains a long staircase Level 3 Level 4 some sinks Level 5 Level 6 a fountain Level 7 some fountains Level 8 Level 9 <- You were here History has recorded: On T:1 you entered the Dungeons of Doom to retrieve the Amulet of Yendor! On T:349 you advanced to experience level 2. On T:510 you reached level 2 of The Dungeons of Doom. On T:736 you advanced to experience level 3. On T:1506 you reached level 3 of The Dungeons of Doom. On T:1991 you reached level 4 of The Dungeons of Doom. On T:2747 you advanced to experience level 4. On T:2958 you reached level 5 of The Dungeons of Doom. On T:3035 you reached level 6 of The Dungeons of Doom. On T:3740 you reached level 7 of The Dungeons of Doom. On T:4043 you advanced to experience level 5. On T:4259 you reached level 8 of The Dungeons of Doom. On T:4338 you reached level 9 of The Dungeons of Doom. Score breakdown: Gold: 908 (10064 points) Experience: 5 levels (11141 points) Exploration: 9 levels ( 20.00%) (12792 points) Discoveries: 5 items ( 1.74%) ( 3959 points) Valuables value: (no points given unless you survive) Artifact value: 0 ( 0 points) Variety of kills: 30 monsters ( 7.87%) ( 8418 points) Turncount: 4462 turns (-1186 points) Survival: died (score multiplied by 80%) Total score: 36150 Latest messages: The hill orc hits! The spell hits the hill orc! You kill the hill orc! The hill orc picks up an iron skull cap. The spell hits the hill orc. The hill orc wields a curved sword! The spell hits the hill orc! You kill the hill orc! The hill orc drinks a potion of speed! The hill orc is suddenly moving faster. The hill orc swings his curved sword. The hill orc hits! The hill orc picks up an iron skull cap. The hill orc swings his curved sword. The hill orc hits! You die... Final status: Goodbye TKirby the Wizard, killed by a hill orc... You died in The Dungeons of Doom on dungeon level 9 with 36150 points, and 908 pieces of gold, after 4462 moves. You were level 5 with a maximum of 44 hit points when you died.